 Dungeon Crawl Stone Soup version 0.30-a0-760-g5a9884bb7c (webtiles) character file.

Game seed: 15322302013327767984

198 Leeroy the Slasher (level 5, -1/26 HPs)
             Began as a Vine Stalker Warper on Feb 10, 2023.
             Slain by a gnoll
             ... wielding a +0 club
              (6 damage)
             ... on level 2 of the Dungeon.
             The game lasted 00:02:48 (2094 turns).

Leeroy the Slasher (Vine Stalker Warper)            Turns: 2094, Time: 00:02:49

Health: -1/26      AC: 11    Str: 14    XL:     5   Next: 76%
Magic:  0/9        EV:  4    Int: 13    God:
Gold:   137        SH:  0    Dex: 15    Spells: 8/8 levels left

rFire   . . .      SeeInvis .    a - +0 falchion
rCold   . . .      Faith    .    (no shield)
rNeg    . . .      Spirit   +    p - +0 plate armour
rPois   .          Reflect  .    k - +0 helmet
rElec   .          Harm     .    (no cloak)
rCorr   .          Rampage  .    (no gloves)
Will    .....                    (no boots) Stlth
                                 (no amulet)
HPRegen 1.04/turn                (no ring)
MPRegen 0.11/turn                (no ring)

@: no status effects
A: fangs 2, regeneration 1, magic shield, antimagic bite, no potion heal 2
a: no special abilities


You were on level 2 of the Dungeon.
You visited 1 branch of the dungeon, and saw 3 of its levels.

You collected 137 gold pieces.

Inventory:

Hand Weapons
 a - a +0 falchion (weapon)
Missiles
 d - 6 boomerangs of dispersal (quivered)
 i - 6 poisoned darts
Armour
 b - a +0 leather armour
 k - a +0 helmet (worn)
 p - a +0 plate armour (worn)
Magical Staves
 r - a staff of cold
Scrolls
 e - a scroll of torment {unknown}
 f - a scroll of enchant weapon {unknown}
 g - 3 scrolls of immolation {unknown}
 h - a scroll of fog {unknown}
 l - 2 scrolls of fear {unknown}
Potions
 j - 3 potions of haste {unknown}
 m - a potion of berserk rage {unknown}
 n - 4 potions of curing {unknown}
 o - a potion of heal wounds {unknown}
 q - a potion of attraction {unknown}
 s - a potion of might {unknown}
 t - a potion of brilliance {unknown}


   Skills:
 - Level 1.7 Fighting
 + Level 5.3 Long Blades
 - Level 0.8 Throwing
 - Level 0.7 Armour
 - Level 1.5 Dodging
 - Level 2.1 Spellcasting
 - Level 3.0 Translocations


You had 8 spell levels left.
You didn't know any spells.
Your spell library contained the following spells:

 Spells                   Type           Power      Damage    Failure   Level
 Blink                    Tloc           18%        N/A       100%        2
 Lesser Beckoning         Tloc           18%        N/A       100%        2
 Teleport Other           Tloc           9%         N/A       100%        3
 Vhi's Electric Charge    Tloc/Air       10%        N/A       100%        3
 Manifold Assault         Tloc           9%         N/A       100%        4


Dungeon Overview and Level Annotations

Branches:
Dungeon (3/15)

Altars:
Gozag
Wu Jian

Shops:
D:1 *   D:2 :


Innate Abilities, Weirdness & Mutations

You have extremely sharp teeth.
Your natural rate of healing is unusually fast.
When hurt, damage is shared between your health and your magic reserves.
Your bite disrupts and absorbs the magic of your enemies.
Potions cannot restore your health.


Message History

You climb downwards.
The gnoll throws a throwing net.
The throwing net hits you.
You become entangled in the net!
The gnoll hits you with a +0 flail.
There is a stone staircase leading up, spattered with blood here.
You see here a throwing net.
You struggle against the net.
The gnoll hits you but does no damage.
You struggle against the net.
The gnoll completely misses you.
You rip the net and break free!
The gnoll hits you with a +0 flail!
You closely miss the gnoll. Your bite misses the gnoll.
The gnoll barely misses you. The gnoll hits you with a +0 flail.
The gnoll hits you with a +0 club. The gnoll hits you with a +0 flail!
You climb upwards.
There is a stone staircase leading down, spattered with blood here.
You are too injured to fight recklessly!
You are too injured to fight recklessly!
You are too injured to fight recklessly!
You are too injured to fight recklessly!
You are too injured to fight recklessly!
You are too injured to fight recklessly!
You hit the gnoll. Your bite misses the gnoll.
The gnoll is heavily wounded.
The gnoll hits you but does no damage. The gnoll hits you with a +0 club.
You barely miss the gnoll.
The gnoll is heavily wounded.
The gnoll hits you with a +0 flail.
* * * LOW HITPOINT WARNING * * *
The gnoll hits you but does no damage.
You hit the gnoll. You bite the gnoll, but do no damage.
The gnoll is almost dead.
The gnoll hits you with a +0 flail.
* * * LOW HITPOINT WARNING * * *
The gnoll closely misses you.
Okay, then.
Throw: 7 boomerangs (disperse)
Press: ? - help, Q - select action, (/) - cycle Shift-Dir - straight line, f - gnoll
Aim: a gnoll, wielding a +0 club (almost dead, 61% to hit)
You throw a boomerang of dispersal.
The boomerang of dispersal closely misses the gnoll.
The gnoll hits you but does no damage. The gnoll hits you with a +0 club!
You die...

## .# .# .# ########## ##########
.# #........## #......... .#
#.#####...## #.######## .# #.#
#.....####.###### # .##### #.#
#)..............### .....# #.#
#.@g..####.#.....†. ####.#
#.#####g..#####.#.(..### #.#
#.##......(.).......## # #.#
#.##.##########...### # ####.#
#.##.# #..## # .....#####.##.#
#..# #
#.............##########..#######
#.##.##........................).
#.##.##.##.#############.........


You could see 2 gnolls.

Vanquished Creatures
  An orc priest (D:3)
  An orc wizard (D:3)
  4 adders (D:2)
  6 gnolls (D:2)
  2 dart slugs (D:1)
  2 orcs (D:3)
  5 endoplasms
  2 giant cockroaches
  2 goblins
  6 hobgoblins
  2 jackals (D:1)
  A quokka (D:2)
  4 ball pythons
  3 bats
  5 frilled lizards
  3 kobolds
  3 rats
52 creatures vanquished.

Notes
Turn   | Place    | Note
-------+----------+-------------------------------------------
     0 | D:1      | Leeroy the Vine Stalker Warper began the quest for the Orb.
     0 | D:1      | Reached XP level 1. HP: 11/11 MP: 4/4
    37 | D:1      | Reached skill level 2 in Long Blades
    50 | D:1      | Found Bekof's Assorted Antiques.
   287 | D:1      | Reached XP level 2. HP: 15/15 MP: 6/6
   592 | D:1      | Found a faded altar of an unknown god.
   712 | D:2      | Reached skill level 3 in Long Blades
   745 | D:2      | Reached XP level 3. HP: 18/18 MP: 5/7
   952 | D:2      | Found Togyd's Book Shoppe.
   979 | D:2      | Gained mutation: Your natural rate of healing is unusually
                  | fast. [Vine Stalker growth]
   979 | D:2      | Reached XP level 4. HP: 6/23 MP: 8/8
   990 | D:2      | Reached skill level 4 in Long Blades
  1571 | D:3      | Found an opulent altar of Gozag.
  1923 | D:3      | Reached XP level 5. HP: 26/26 MP: 9/9
  1947 | D:3      | Reached skill level 5 in Long Blades
  1976 | D:3      | Found an ornate altar of the Wu Jian Council.
  2094 | D:2      | Slain by a gnoll

Illustrated notes

Levels and vault maps discovered:
D:1:      sevenhm_arrival_forest_fort_small_6, layout_rooms,
          shapermc_ecumenical_altar_mp_urbaneastern, serial_shops, shop,
          minmay_misc_feat_nine_boxes
D:2:      layout_loops_ring, serial_shops, shop, grunt_ministairs_13,
          chequers_serial_rivers_small_b
D:3:      layout_basic, nicolae_gozag_seed_capital,
          nicolae_wu_jian_wuxing_cycle, hangedman_decor_clover_reticule,
          minmay_liquid_box

Skill      XL: |  1  2  3  4  5 |
---------------+----------------+-----
Long Blades    | 2 3 4 5 |  5.3
Fighting       | |  1.7
Throwing       | |  0.8
Armour         | |  0.7
Dodging        | |  1.5
Spellcasting   | |  2.1
Translocations | |  3.0

Action                     |  1- 3 |  4- 6 || total
---------------------------+-------+-------++-------
  Melee: Falchion          |    80 |   113 ||   193
         Bite              |    22 |    13 ||    35
         Punch             |       |     2 ||     2
  Throw: Boomerang         |       |     1 ||     1
    Use: Scroll            |       |     1 ||     1
 Armour: Leather armour    |    39 |       ||    39
         Plate armour      |    14 |    84 ||    98
  Dodge: Dodged            |    57 |    20 ||    77

Table legend: (Time is in decaauts)
 A = Elapsed time spent in this place.
 B = Non-inter-level travel time spent in this place.
 C = Inter-level travel time spent in this place.
 D = Time resting spent in this place.
 E = Time spent auto-exploring this place.
 F = Levels seen in this place.
 G = Mean time per level.
                   A        B        C        D        E       F      G
               +--------+--------+--------+--------+--------+-----+--------+
         Total |   2118 |   2047 |     71 |     54 |   1512 |   3 |  706.0 |
       Dungeon |   2118 |   2047 |     71 |     54 |   1512 |   3 |  706.0 |
               +--------+--------+--------+--------+--------+-----+--------+

Top non-repeatable levels by time:
     D:2: 923 daAuts
     D:1: 647 daAuts
     D:3: 547 daAuts
